 Seeded DCSS version 0.29.1-1-gd02db6906a (webtiles) character file.

Game seed: 9708579739092153053 (custom seed)

11764 Juicyj the Cruncher (level 11, -4/92 HPs)
             Began as a Minotaur Fighter on Sept 26, 2022.
             Was a Believer of Ashenzari.
             Slain by a six-headed hydra (9 damage)
             ... on level 11 of the Dungeon on Sept 27, 2022.
             The game lasted 00:24:35 (9426 turns).

Juicyj the Cruncher (Minotaur Fighter)              Turns: 9426, Time: 00:24:36

Health: -4/92      AC: 16    Str: 22    XL:     11   Next: 53%
Magic:  10/10      EV: 16    Int: 11    God:    Ashenzari [**....]
Gold:   564        SH:  7    Dex: 19    Spells: 10/10 levels left

rFire   + + .      SeeInvis +   r - +3 Elemental Staff {rElec rF++ rC++ AC+5, Melee, Alch} (curse)
rCold   + + +      Faith    .   c - +0 buckler "Sun of the Cosmic Seer" {Range, Bglg} (curse)
rNeg    . . .      Spirit   .   G - +4 ring mail of Supernal Wisdom {rC+, Cun, Fort} (curse)
rPois   +          Reflect  .   (helmet restricted)
rElec   +          Harm     .   (no cloak)
rCorr   .          Rampage  .   (no gloves)
Will    .....                   (no boots)
Stlth   +++.......              s - amulet "Suanosut" {Acrobat rPois Regen+ Stlth+}
HPRegen 1.05/turn               Q - ring of the Holding Priest {rElec Int+6 Stlth+}
MPRegen 0.12/turn               J - ring of the Tethered Secrets {Dex+6, Bglg, Cun} (curse)

@: mighty
A: horns 2, retaliatory headbutt
a: Renounce Religion, Shatter the Chains


You were on level 11 of the Dungeon.
You worshipped Ashenzari.
Ashenzari was pleased with you.
You visited 2 branches of the dungeon, and saw 12 of its levels.
You also visited: Sewer.

You collected 564 gold pieces.

Inventory:

Hand Weapons
 a - a +0 long sword
 l - the +7 mace of the Maze {spect, rPois Will+ Str+2}
   (You found it on level 2 of the Dungeon)

   When its wielder attacks, the weapon's spirit leaps out and strikes again.
   The spirit shares a part of any damage it takes with its wielder.
   Str:       It affects your strength (+2).
   rPois:     It protects you from poison.
   Will:      It increases your willpower.
 r - the cursed +3 Elemental Staff (weapon) {rElec rF++ rC++ AC+5, Melee, Alch}
   (You acquired it on level 3 of the Dungeon)

   If the wielder is skilled in Evocations, they can discharge powerful blasts
   of elemental energy when striking with it.
   It enhances your fire, ice, earth and air magic.
   AC:        It affects your AC (+5).
   rF:        It greatly protects you from fire.
   rC:        It greatly protects you from cold.
   rElec:     It insulates you from electricity.
   It has a curse which improves the following skills: Melee Combat: Short
   Blades, Long Blades, Axes, Maces & Flails, Polearms, Staves and Unarmed
   Combat.
   Alchemy:   Poison Magic and Transmutations.
Missiles
 u - 2 curare-tipped darts (quivered)
 L - an atropa-tipped dart
Armour
 b - a +0 scale mail
 c - the cursed +0 buckler "Sun of the Cosmic Seer" (worn) {Range, Bglg}

   It has a curse which improves the following skills: Ranged Combat: Ranged
   Weapons and Throwing.
   Beguiling: Conjurations, Hexes and Translocations.
 v - the +1 robe of Dogmatism {rPois Int+2 Dex+4 Slay-2}
   (You found it on level 4 of the Dungeon)

   Int:       It affects your intelligence (+2).
   Dex:       It affects your dexterity (+4).
   Slay:      It affects your accuracy & damage with ranged weapons and melee
   (-2).
   rPois:     It protects you from poison.
 G - the cursed +4 ring mail of Supernal Wisdom (worn) {rC+, Cun, Fort}
   (You found it on level 7 of the Dungeon)

   It has a curse which improves the following skills: Cunning: Dodging and
   Stealth.
   Fortitude: Armour and Shields.
Jewellery
 q - the ring of Unaoh {rN++ Will+}
   (You acquired it on level 3 of the Dungeon)

   [ring of willpower]

   rN:        It greatly protects you from negative energy.
   Will:      It increases your willpower.
 s - the amulet "Suanosut" (around neck) {Acrobat rPois Regen+ Stlth+}
   (You acquired it on level 3 of the Dungeon)

   [amulet of the acrobat]

   It increases your evasion while moving and waiting.
   rPois:     It protects you from poison.
   Regen:     It increases your rate of health regeneration.
   Stlth:     It makes you more stealthy.
 E - an amulet of the acrobat
 H - a ring of protection from cold
 J - the cursed ring of the Tethered Secrets (right hand) {Dex+6, Bglg, Cun}
   (You found it on level 8 of the Dungeon)

   [ring of dexterity]

   Dex:       It affects your dexterity (+6).
   It has a curse which improves the following skills: Beguiling: Conjurations,
   Hexes and Translocations.
   Cunning:   Dodging and Stealth.
 P - a ring of positive energy
 Q - the ring of the Holding Priest (left hand) {rElec Int+6 Stlth+}
   (You acquired it on level 10 of the Dungeon)

   [ring of intelligence]

   Int:       It affects your intelligence (+6).
   rElec:     It insulates you from electricity.
   Stlth:     It makes you more stealthy.
Wands
 z - a wand of roots (10)
 K - a wand of charming (10)
 N - a wand of acid (4)
 O - a wand of digging (5)
Scrolls
 e - 8 scrolls of identify
 f - 3 scrolls of teleportation
 g - 2 scrolls of butterflies
 k - 4 scrolls of noise
 n - 2 scrolls of fear
 y - 5 scrolls of magic mapping
 C - a scroll of amnesia
 F - a scroll of poison
Potions
 i - 2 potions of heal wounds
 j - 2 potions of curing
 m - 2 potions of brilliance
 o - 3 potions of haste
 p - 3 potions of attraction
 t - 2 potions of flight
 w - 2 potions of resistance
 x - 2 potions of degeneration
 A - 6 potions of lignification
 D - a potion of magic
 I - a potion of cancellation
 M - a potion of ambrosia


   Skills:
 + Level 7.2 Fighting
 - Level 3.1(4.2) Long Blades
 - Level 1.7(7.3) Maces & Flails
 - Level 10.7(12.0) Staves
 * Level 5.8(7.1) Throwing
 + Level 10.3(11.5) Armour
 + Level 6.4(8.4) Dodging
 + Level 8.5(9.8) Shields
 * Level 6.5 Evocations


You had 10 spell levels left.
You didn't know any spells.
Your spell library contained the following spells:

 Spells                   Type           Power      Damage    Failure   Level
 Necrotise                Necr           0%         1d4       52%         1
 Shock                    Conj/Air       0%         1d3       52%         1
 Swiftness                Air            0%         N/A       88%         3
 Vampiric Draining        Necr           0%         2d6       88%         3
 Airstrike                Air            0%         2d(0-16)  99%         4
 Agony                    Necr           0%         N/A       100%        5
 Dispersal                Tloc           0%         N/A       100%        6
 Disjunction              Tloc           0%         N/A       100%        8


Dungeon Overview and Level Annotations

Branches:
Dungeon (11/15)            Temple (1/1) D:6           Sewer (visited)
   Lair: D:8-11         Orc: D:9-12

Altars:
Ashenzari
Cheibriados
Dithmenos
Fedhas
Gozag
Hepliaklqana
Makhleb
Okawaru
Qazlal
Ru
Sif Muna
Uskayaw
Vehumet
Wu Jian
Xom
Yredelemnul
Zin
The Shining One

Annotations:
D:11 2 transporters, gelatine's ghost, journeyman DsHu


Innate Abilities, Weirdness & Mutations

You have a pair of horns on your head.
You reflexively headbutt those who attack you in melee.


Message History

You are covered in liquid flames!
You block the efreet's attack.
The deep elf pyromancer hits you but does no damage.
The boulder beetle bites you but does no damage.
The boulder beetle bites you!
* * * LOW HITPOINT WARNING * * *
Aiming: Charm
Press: ? - help, Q - select action, (/) - cycle Shift-Dir - straight line, f - boulder beetle
Aim: a boulder beetle (lightly wounded, chance to affect: 47%)
Okay, then.
You feel much better.
A six-headed hydra comes into view.
The deep elf pyromancer misses you. The boulder beetle bites you!
The efreet closely misses you. You block the boulder beetle's attack.
You feel very mighty all of a sudden.
You block the deep elf pyromancer's attack.
The efreet hits you with a +1 scimitar of flaming.
The efreet burns you. The boulder beetle misses you. You furiously retaliate!
You headbutt the boulder beetle!
The boulder beetle leaps!
The deep elf pyromancer casts a spell.
The deep elf pyromancer blinks!
The boulder beetle closely misses you.
The boulder beetle leaps!
You sock the efreet!
You kill the efreet!
The cyclops hits you!
* * * LOW HITPOINT WARNING * * *
The boulder beetle closely misses you.
You hit the boulder beetle but do no damage.
The boulder beetle is moderately wounded.
The six-headed hydra bites you!
* * * LOW HITPOINT WARNING * * *
The six-headed hydra bites you.
* * * LOW HITPOINT WARNING * * *
The six-headed hydra bites you.
* * * LOW HITPOINT WARNING * * *
The six-headed hydra bites you.
* * * LOW HITPOINT WARNING * * *
The six-headed hydra bites you but does no damage.
The six-headed hydra bites you!
You die... , ###.# ,, ..# * , .....#* yy[?

, ......#########
,
,......).y.).©..,
{.....)).gB....#
** ,
,.....))))).y.c.
, ######)#####, ,
* #...°..DC..#
,#......B@§.# ,
#..#####)..# , ,
,#..# #°..# * *
#.{# #...#, ,, *
#.☼# #...# , ,
#.○#####e..#, , ,
,, #..R.{○....# ,
############ , ,
, , , , ,


You could see a boulder beetle, a six-headed hydra, a cyclops and a deep elf
pyromancer.

Vanquished Creatures
  Erolcha (D:9)
  A boulder beetle (D:11)
  A two-headed ogre (D:11)
  A centaur warrior (D:11)
  A cyclops (D:11)
  The ghost of groovy9 the Magician, a novice DjCj (D:5)
  A manticore (D:11)
  Joseph (D:8)
  A kobold demonologist (D:10)
  An efreet (D:11)
  2 trolls
  A hornet (D:10)
  Prince Ribbit (D:7)
  Grinder (D:6)
  3 yaks (D:10)
  A shadow (D:10)
  Eustachio (D:6)
  5 vampire mosquitoes
  A steam dragon (D:7)
  A basilisk (D:11)
  A wyvern (D:11)
  A wraith (D:10)
  A swamp worm (D:7)
  2 acid dragons (D:9)
  2 water moccasins
  A sky beast (D:7)
  2 black bears (D:6)
  2 orc warriors
  10 centaurs
  A phantom (D:6)
  6 kobold brigands
  A gnoll sergeant (D:11)
  3 bullfrogs
  2 necrophages
  4 scorpions
  4 wights (D:10)
  A killer bee (D:11)
  4 howler monkeys
  An electric eel (D:9)
  A crimson imp (D:8)
  2 gnoll boudas
  2 jellies
  5 orc priests
  2 hounds
  4 iguanas
  13 orc wizards
  Robin (D:4)
  11 adders
  8 gnolls
  8 river rats (Sewer)
  A white imp (D:8)
  An ufetubus (D:5)
  5 worms
  2 dart slugs
  30 orcs
  7 ball pythons
  4 bats
  5 endoplasms
  5 giant cockroaches
  18 goblins
  8 hobgoblins
  8 jackals
  4 quokkas
  10 frilled lizards
  43 kobolds
  13 rats
297 creatures vanquished.

Vanquished Creatures (others)
  An orc wizard (D:5)
  2 orcs (D:7)
  16 plants
19 creatures vanquished.

Grand Total: 316 creatures vanquished

Notes
Turn   | Place    | Note
-------+----------+-------------------------------------------
     0 | D:1      | Juicyj the Minotaur Fighter began the quest for the Orb.
     0 | D:1      | Reached XP level 1. HP: 19/19 MP: 0/0
   483 | D:1      | Found a faded altar of an unknown god.
   582 | D:1      | Reached XP level 2. HP: 23/27 MP: 1/1
  1392 | D:2      | Identified the +7 mace of the Maze {spect, rPois Will+
                  | Str+2}
  1471 | D:2      | Reached XP level 3. HP: 32/33 MP: 2/2
  2622 | D:3      | Reached XP level 4. HP: 36/40 MP: 3/3
  2655 | D:3      | Identified 3 scrolls of acquirement
  2655 | D:3      | Acquired the +3 Elemental Staff {rElec rF++ rC++ AC+5}
  2655 | D:3      | Found the +3 Elemental Staff {rElec rF++ rC++ AC+5}
  2658 | D:3      | Acquired the amulet "Suanosut" {Acrobat rPois Regen+
                  | Stlth+}
  2665 | D:3      | Acquired the ring of Unaoh {rN++ Will+}
  2723 | D:3      | Reached skill level 1 in Maces & Flails
  2732 | D:3      | Reached skill level 1 in Dodging
  2745 | D:3      | HP: 1/40 [orc priest/divine providence (12)]
  2978 | D:4      | Reached skill level 5 in Armour
  3032 | D:4      | Reached skill level 1 in Staves
  3032 | D:4      | Reached XP level 5. HP: 40/46 MP: 4/4
  3080 | D:4      | Noticed Robin
  3097 | D:4      | Killed Robin
  3375 | D:4      | Reached skill level 1 in Evocations
  3375 | D:4      | Reached XP level 6. HP: 51/52 MP: 5/5
  3519 | D:4      | Identified the +1 robe of Dogmatism {rPois Int+2 Dex+4
                  | Slay-2}
  3776 | D:5      | Entered Level 5 of the Dungeon
  3776 | D:5      | Noticed groovy9's ghost (novice DjCj)
  3776 | D:5      | Found a runed translucent gate.
  3776 | D:5      | Found a runed translucent gate.
  3776 | D:5      | Found a runed translucent gate.
  3874 | D:5      | Reached XP level 7. HP: 60/60 MP: 6/6
  4101 | D:5      | Reached skill level 5 in Staves
  4536 | D:5      | Killed groovy9's ghost
  4537 | D:5      | Reached skill level 5 in Shields
  4537 | D:5      | Reached XP level 8. HP: 46/67 MP: 7/7
  4610 | D:6      | Reached skill level 5 in Fighting
  4680 | D:6      | Found a staircase to the Ecumenical Temple.
  4742 | Temple   | Entered the Ecumenical Temple
  4747 | Temple   | Became a worshipper of Ashenzari the Shackled
  4823 | D:6      | Found a glowing drain.
  4834 | Sewer    | Entered a sewer
  5271 | D:6      | Noticed Eustachio
  5290 | D:6      | Killed Eustachio
  5339 | D:6      | Found a large runed translucent door.
  5340 | D:6      | Found a large runed translucent door.
  5457 | D:6      | Reached skill level 1 in Throwing
  5822 | D:6      | Noticed Grinder
  5823 | D:6      | Found a basalt altar of Yredelemnul.
  5830 | D:6      | Killed Grinder
  5831 | D:6      | Reached XP level 9. HP: 73/74 MP: 8/8
  5840 | D:6      | Found a radiant altar of Vehumet.
  6306 | D:7      | Noticed Prince Ribbit
  6321 | D:7      | Killed Prince Ribbit
  6788 | D:8      | Noticed Joseph
  6808 | D:8      | Killed Joseph
  6966 | D:8      | Found a stormy altar of Qazlal.
  7010 | D:8      | Reached * piety under Ashenzari
  7249 | D:8      | Reached skill level 10 in Staves
  7249 | D:8      | Reached XP level 10. HP: 83/83 MP: 9/9
  7490 | D:8      | Reached ** piety under Ashenzari
  7646 | D:8      | Identified the +6 mace of Beid {holy, rPois MP-9 Dex+2}
  8007 | D:9      | Noticed Erolcha
  8022 | D:9      | Killed Erolcha
  8197 | D:9      | Reached skill level 5 in Evocations
  8432 | D:9      | Found a hide-covered altar of Uskayaw.
  8510 | D:9      | Found a snail-covered altar of Cheibriados.
  8566 | D:9      | Found a sacrificial altar of Ru.
  8790 | D:9      | Found an ornate altar of the Wu Jian Council.
  8834 | D:10     | Entered Level 10 of the Dungeon
  8837 | D:10     | Paralysed by a hornet for 2 turns
  8885 | D:10     | Noticed a soul eater
  9027 | D:10     | Reached skill level 5 in Dodging
  9208 | D:10     | Identified the +3 mace "Impslayer" {drain, *Rage rN++
                  | Stlth+}
  9256 | D:10     | Acquired the ring of the Holding Priest {rElec Int+6
                  | Stlth+}
  9334 | D:11     | Found a transporter.
  9334 | D:11     | Noticed gelatine's ghost (journeyman DsHu)
  9343 | D:11     | Noticed a manticore
  9344 | D:11     | Found a transporter.
  9344 | D:11     | Noticed a two-headed ogre
  9366 | D:11     | Killed a two-headed ogre
  9367 | D:11     | Reached skill level 5 in Throwing
  9367 | D:11     | Reached XP level 11. HP: 55/91 MP: 10/10
  9368 | D:11     | Noticed a centaur warrior
  9371 | D:11     | Noticed a boulder beetle
  9377 | D:11     | Killed a centaur warrior
  9377 | D:11     | Killed a boulder beetle
  9378 | D:11     | Reached skill level 10 in Armour
  9386 | D:11     | Noticed a boulder beetle
  9398 | D:11     | Noticed a deep elf pyromancer
  9400 | D:11     | Noticed a boulder beetle
  9422 | D:11     | Noticed a six-headed hydra
  9426 | D:11     | Slain by a six-headed hydra

Illustrated notes

Levels and vault maps discovered:
D:1:      matt_arrival_spirals, layout_loops_ring,
          chequers_ecumenical_altar_island, chequers_serial_rivers_room_b,
          minmay_misc_feat_nine_boxes
D:2:      layout_basic, chequers_serial_rivers_small_3
D:3:      layout_loops_ring
D:4:      layout_loops_corners, kennysheep_generic_room_5, uniq_robin
D:5:      kennysheep_kobold_camp, layout_cave_pools,
          gammafunk_ghost_nasty_kobolds, nicolae_fountain_basement
D:6:      minmay_evil_eye, layout_loops_ring, jmf_multi_god_temple2,
          temple_statues, gup_sewer_entry_bubbles, uniq_grinder, uniq_eustachio
D:7:      layout_loops_ring, worms_lemuel, uniq_prince_ribbit1
D:8:      layout_layer_cave, mainiacjoe_overflow_tiny_flanked, minivault_22,
          minmay_fire_ice_demons, uniq_joseph
D:9:      layout_roguey, lemuel_coloured_pillars_altar,
          mainiacjoe_overflow_alcove_2, nicolae_ru_the_path_less_chosen,
          chei_slow_surprise, serial_bayou_pond_b, kennysheep_path_1,
          lemuel_flamethrower_2, uniq_erolcha
D:10:     layout_rooms
D:11:     minmay_the_grid_square_5x5_4x4 [minmay_the_grid_square_5x5_spiral,
          minmay_the_grid_square_5x5_two_small,
          minmay_the_grid_square_5x5_forky,
          minmay_the_grid_square_5x5_two_walls_b,
          minmay_the_grid_square_5x5_three_small,
          minmay_the_grid_square_5x5_prize_open,
          minmay_the_grid_square_5x5_prize_waves,
          minmay_the_grid_square_5x5_shrine2,
          minmay_the_grid_square_5x5_moneybag,
          minmay_the_grid_square_5x5_prize_gold,
          minmay_the_grid_square_5x5_prize_monsterx,
          minmay_the_grid_square_5x5_intrusive_squares,
          minmay_the_grid_square_5x5_bridge, minmay_the_grid_square_5x5_minimal,
          minmay_the_grid_square_5x5_dogpile, minmay_the_grid_square_5x5_slash],
          layout_irregular_city, dpeg_oklobed_lair, gammafunk_ghost_hive,
          kennysheep_nondescript
Temple:   hellmonk_temple_two_chambers

Skill      XL: |  1  2  3  4  5  6  7  8  9 10 11 |
---------------+----------------------------------+-----
Armour         | 4 5 6 7 8 9 10 | 10.3
Shields        | 4 5 6 7 8 |  8.5
Long Blades    | 3 |  3.1
Maces & Flails | 1 |  1.7
Dodging        | 1 2 3 5 6 |  6.4
Fighting       | 4 5 6 7 |  7.2
Staves         | 1 2 4 6 8 10 | 10.7
Evocations     | 1 2 3 4 5 6 |  6.5
Throwing       | 1 3 5 |  5.8

Action                   |  1- 3 |  4- 6 |  7- 9 | 10-12 || total
-------------------------+-------+-------+-------+-------++-------
Melee: Long sword        |    43 |       |       |       ||    43
       Mace              |    34 |       |       |       ||    34
       Headbutt          |     5 |    24 |    43 |    53 ||   125
       Staff             |       |   141 |   372 |   191 ||   704
Throw: Dart              |       |       |       |    12 ||    12
Invok: Curse Item        |       |       |     2 |     3 ||     5
       Shatter the Chain |       |       |       |     1 ||     1
Evoke: Wand              |       |       |     7 |     3 ||    10
  Use: Scroll            |       |     3 |    12 |     5 ||    20
       Potion            |       |       |       |     3 ||     3
 Stab: Invisible         |       |       |       |     2 ||     2
       Sleeping          |       |       |       |     1 ||     1
Armor: Scale mail        |    35 |    64 |    87 |       ||   186
       Ring mail         |       |       |    42 |    70 ||   112
Dodge: Dodged            |    34 |    56 |   148 |   155 ||   393
Block: Buckler           |    13 |    44 |    80 |    73 ||   210
